 Dungeon Crawl Stone Soup version 0.30.0-5-g1a98f26d00 (webtiles) character file.

Game seed: 13424004771279374889

142515 McKennaii the Eclecticist (level 16, -7/128 HPs)
             Began as a Demigod Conjurer on May 9, 2023.
             Succumbed to a redback's poison
             ... on level 2 of the Spider Nest.
             The game lasted 01:22:03 (44928 turns).

McKennaii the Eclecticist (Demigod Conjurer)       Turns: 44928, Time: 01:22:04

Health: -7/128     AC: 25    Str: 17      XL:     16   Next: 28%
Magic:  35/55      EV: 14    Int: 42 (43) God:
Gold:   2956       SH:  0    Dex: 14      Spells: 38/55 levels left

rFire   . . .        S - +12 long sword of Annihilation {flame, rPois rN++ MP+9}
rCold   + + .        (no shield)
rNeg    + + +        x - +6 scale mail "Ecwuyr" {Str+6 Stlth-}
rPois   +            p - +3 hat "Yseuval" {Will+}
rElec   +            V - +2 cloak {rC+}
rCorr   .            f - +2 pair of gloves {Str+3}
SInv    +            j - +0 pair of boots of the World {rN+ Dex+4}
Will    ++...        e - amulet of the acrobat Stlth
                     O - ring "Keemen" {rElec rC+ rN+ Int+3 Dex-2}
HPRegen 0.41/turn    L - ring of see invisible
MPRegen 0.34/turn

%: acrobat
@: lethally poisoned (-7 -> -62)
A: high MP 1, forlorn, divine attributes
a: no special abilities


You were on level 2 of the Spider Nest.
You visited 4 branches of the dungeon, and saw 25 of its levels.
You also visited: Gauntlet and Ice Cave.

You collected 3598 gold pieces.
You spent 642 gold pieces at shops.

Inventory:

Hand Weapons
 S - the +12 long sword of Annihilation (weapon) {flame, rPois rN++ MP+9}
   (You took it off a minotaur in a Gauntlet)

   rPois:     It protects you from poison.
   rN:        It greatly protects you from negative energy.
   MP:        It affects your magic capacity (+9).
Armour
 f - a +2 pair of gloves of strength (worn)
 j - the +0 pair of boots of the World (worn) {rN+ Dex+4}
   (You found it in a Gauntlet)

   Dex:       It affects your dexterity (+4).
   rN:        It protects you from negative energy.
 p - the +3 hat "Yseuval" (worn) {Will+}
   (You found it on level 9 of the Dungeon)

   Will:      It increases your willpower.
 x - the +6 scale mail "Ecwuyr" (worn) {Str+6 Stlth-}
   (You bought it in a shop on level 2 of the Orcish Mines)

   Str:       It affects your strength (+6).
   Stlth:     It makes you less stealthy.
 P - the +2 helmet of Kaclu {rN+}
   (You found it in a Gauntlet)

   rN:        It protects you from negative energy.
 V - a +2 cloak of cold resistance (worn)
Jewellery
 c - a ring of protection from cold
 d - a +6 ring of intelligence
 e - an amulet of the acrobat (around neck)
 H - a ring of protection from fire
 K - a ring of poison resistance
 L - a ring of see invisible (right hand)
 O - the ring "Keemen" (left hand) {rElec rC+ rN+ Int+3 Dex-2}
   (You took it off an ogre mage on level 15 of the Dungeon)

   [ring of protection from cold]

   Int:       It affects your intelligence (+3).
   Dex:       It affects your dexterity (-2).
   rC:        It protects you from cold.
   rElec:     It insulates you from electricity.
   rN:        It protects you from negative energy.
 W - a ring of wizardry
Wands
 r - a wand of polymorph (29)
 A - a wand of charming (34)
 D - a wand of roots (23)
 F - a wand of flame (54)
 M - a wand of mindburst (8)
 Q - a wand of digging (7)
 T - a wand of light (2)
Scrolls
 a - 2 scrolls of poison
 i - 5 scrolls of vulnerability
 l - a scroll of silence
 m - 2 scrolls of teleportation
 q - 3 scrolls of magic mapping
 s - 3 scrolls of immolation
 t - 5 scrolls of blinking
 u - 11 scrolls of torment
 w - 7 scrolls of fog
 y - 4 scrolls of fear
 z - a scroll of enchant armour
 C - 4 scrolls of amnesia
 E - 3 scrolls of enchant weapon
 U - a scroll of summoning
 X - a scroll of identify
Potions
 b - 4 potions of magic
 g - 4 potions of heal wounds
 h - 3 potions of flight
 k - 2 potions of haste
 n - 2 potions of invisibility
 o - 5 potions of attraction
 v - 2 potions of might
 B - 4 potions of mutation
 G - 5 potions of lignification
 I - a potion of resistance
 J - 6 potions of brilliance
 N - 6 potions of curing
 R - 2 potions of cancellation
 Y - a potion of berserk rage
 Z - 2 potions of ambrosia


   Skills:
 - Level 8.0 Fighting
 + Level 8.4 Armour
 - Level 10.0 Dodging
 - Level 1.7 Stealth
 - Level 20.3 Spellcasting
 - Level 10.1 Conjurations
 * Level 1.2 Ice Magic


You had 38 spell levels left.
You knew the following spells:

 Your Spells              Type           Power      Damage    Failure   Level
a - Magic Dart            Conj           100%       1d8       1%          1
b - Searing Ray           Conj           100%       2d8       1%          2
c - Iskenderun's Mystic   Conj/Tloc      71%        2d14      1%          4
d - Stone Arrow           Conj/Erth      100%       3d13      1%          3
h - Ozocubu's Refrigerat  Ice            26%        4d13      100%        7

Your spell library contained the following spells:

 Spells                   Type           Power      Damage    Failure   Level
 Beastly Appendage        Tmut           84%        N/A       1%          1
 Sandblast                Erth           84%        2d18      1%          1
 Momentum Strike          Conj/Tloc      100%       3d10      1%          2
 Dazzling Flash           Conj/Hex       100%       N/A       1%          3
 Hailstorm                Conj/Ice       74%        3d15      1%          3
 Fulminant Prism          Conj/Hex       35%        3d17      1%          4
 Blink                    Tloc           84%        N/A       2%          2
 Lesser Beckoning         Tloc           84%        N/A       2%          2
 Passwall                 Tmut/Erth      35%        N/A       2%          2
 Wereblood                Tmut           42%        N/A       2%          2
 Ozocubu's Armour         Ice            52%        N/A       2%          3
 Spider Form              Tmut/Pois      42%        N/A       4%          3
 Ice Form                 Ice/Tmut       47%        N/A       12%         4
 Manifold Assault         Tloc           42%        N/A       14%         4
 Petrify                  Tmut/Erth      42%        N/A       14%         4
 Metabolic Englaciation   Hex/Ice        23%        N/A       32%         5
 Simulacrum               Ice/Necr       23%        N/A       87%         6
 Dispersal                Tloc           21%        N/A       92%         6
 Statue Form              Tmut/Erth      28%        N/A       92%         6
 Disjunction              Tloc           21%        N/A       100%        8


Dungeon Overview and Level Annotations

Branches:
Dungeon (15/15)            Temple (0/1) D:4            Lair (5/5) D:8
 Shoals (0/4) Lair:2       Spider (3/4) Lair:3        Slime (0/5) Lair:5
    Orc (2/2) D:9             Elf (0/3) Orc:2        Vaults (0/5) D:14
 Depths (0/4) D:15          IceCv (visited)         Gauntlet (visited)

Shops:
D:10 (   D:15 ?   Orc:2 [?((

Annotations:
D:14 exclusion: orange crystal statue, Ficoysum's ghost, journeyman GnWn; Roxanne
Lair:3 Zosacw's ghost, adept HaHu
Spider:3 Arachne; Kirke


Innate Abilities, Weirdness & Mutations

You have an increased reservoir of magic. (+10% MP)
You shall have no god before yourself.
Your divine heritage dramatically boosts your attributes as you level up.


Message History

The emperor scorpion claws you but does no damage.
Unknown command.
Unknown command.
Blink to where?
Press: ? - help, Dir - move target A tarantella comes into view.
Found a stone staircase leading up.
As you read the scroll of blinking, it crumbles to dust.
The tarantella's many legs skitter faintly.
A jumping spider comes into view.
The jumping spider leaps!
A redback comes into view.
The jumping spider leaps! x2
An entropy weaver comes into view.
A culicivora comes into view.
Unknown command.
Arachne casts a spell at you. The poison arrow hits you!
You are poisoned.
You partially resist.
* * * LOW HITPOINT WARNING * * *
The orb spider weaves a glowing orb of energy.
An orb of destruction comes into view.
You feel very sick.
The redback is healed somewhat.
The jumping spider leaps!
A redback comes into view.
The wavering orb of destruction hits the redback!!
The redback is blown up!
There is a stone staircase leading up here.
Unknown command.
You feel very sick.
The tarantella's many legs skitter faintly.
The culicivora bites you but does no damage.
The culicivora bites you!
* * * LOW HITPOINT WARNING * * *
The tarantella closely misses you. The redback bites you.
* * * LOW HITPOINT WARNING * * *
You are lethally poisoned!
The redback poisons you!
You climb upwards.
You die...

#........#..#..##.......#
#..........^#..###.......
##...##....##...##...#..#
####..##..##.....#..^####
##..##..####..........#...
#...<#..##....^....#.##...
#....##..#......^.####....
###........##########.......
##.#........@...##.##........
#...........s.......#........
#...........†##.....#........
#...........##.....##........
#..........##>...###.........
#........###..####.####......
#........#....#.......#####..
#^.......#......^.#.......##^
#........##.....###........##


You could see a culicivora.

Vanquished Creatures
  Rupert (D:14)
  A ghost moth (Spider:2)
  An orc warlord (Orc:1)
  Louise (D:14)
  2 broodmothers
  A minotaur (Gauntlet)
  A spark wasp (Lair:3)
  A dire elephant (Lair:5)
  Azrael (D:15)
  2 crystal guardians (D:14)
  Snorg (Orc:1)
  2 fire dragons
  An entropy weaver (Spider:2)
  The ghost of Byczy the Cleaver, a journeyman MiBe of Trog (Spider:1)
  2 ice dragons
  A yaktaur captain (D:14)
  Harold (D:9)
  7 hydras
  An ogre mage (D:15)
  A radroach (Spider:2)
  A catoblepas (Lair:1)
  2 ironbound frosthearts (IceCv)
  5 boulder beetles
  4 centaur warriors
  A death knight (D:14)
  2 dancing weapons (D:14)
  10 two-headed ogres
  12 death yaks
  2 tengu warriors (D:13)
  5 orc high priests
  Sonja (D:13)
  Amaemon (D:8)
  A skyshark (Lair:5)
  A fire crab (shapeshifter) (D:13)
  4 skeletal warriors (D:14)
  A sun moth (Spider:1)
  A pharaoh ant (Spider:2)
  5 steelbarb worms
  2 lindwurms (Lair:5)
  An obsidian statue (D:14)
  An orange crystal statue (D:15)
  Pikel (D:4)
  5 orb spiders
  A wizard (Gauntlet)
  A deep elf pyromancer (D:14)
  A swamp dragon (Lair:5)
  A phantasmal warrior (D:14)
  13 ugly things
  6 wolf spiders
  2 orc knights (Orc:2)
  2 orc sorcerers
  Maurice (Orc:1)
  2 manticores (D:15)
  5 cyclopes
  12 elephants
  A merfolk siren (Lair:2)
  6 black mambas
  An ice statue (IceCv)
  8 torpor snails
  6 demonic crawlers
  An orange demon (D:8)
  A gargoyle (D:13)
  10 cane toads
  6 rime drakes
  2 kobold demonologists
  6 komodo dragons
  A freezing wraith (D:13)
  3 efreet
  6 trolls
  3 meliai (Spider:2)
  3 tyrant leeches (Lair:5)
  13 tarantellas
  8 polar bears (IceCv)
  17 blink frogs
  7 hornets
  6 dream sheep (Lair:3)
  11 culicivoras
  7 slime creatures
  15 jumping spiders
  A culicivora (shapeshifter) (D:15)
  Sigmund (D:3)
  8 shadows
  3 wyverns
  2 water elementals (D:13)
  51 yaks
  4 fire elementals (D:15)
  2 hogs (Spider:3)
  3 wraiths
  8 basilisks
  A steam dragon (D:6)
  34 redbacks
  20 vampire mosquitoes
  A warg (Orc:2)
  2 acid dragons
  18 water moccasins
  4 hell hounds
  5 swamp drakes
  2 sky beasts
  2 ice beasts
  23 orc warriors
  30 wolves
  10 ogres
  14 centaurs
  3 lemures (D:4)
  2 phantoms
  2 kobold brigands
  11 bullfrogs
  Blork the orc (D:6)
  3 scorpions
  11 wights
  6 killer bees (D:10)
  4 electric eels (D:13)
  5 howler monkeys
  6 hounds
  3 jellies
  A gnoll bouda (D:10)
  28 orc priests
  Natasha (thrice) (D:4)
  5 iguanas
  A sleepcap (D:5)
  Ijyb (D:5)
  25 orc wizards
  4 hell rats (Lair:1)
  Terence (D:3)
  14 gnolls
  7 adders
  5 river rats (Lair:1)
  A shadow imp (Gauntlet)
  2 white imps
  A dart slug (D:3)
  75 orcs
  6 bats
  10 endoplasms
  2 giant cockroaches (D:4)
  2 goblins (D:3)
  8 hobgoblins
  5 jackals (D:2)
  23 kobolds
  8 quokkas
  3 training dummies (D:10)
  3 ball pythons
  3 frilled lizards
  9 rats
856 creatures vanquished.

Vanquished Creatures (others)
  A demonic crawler (Spider:2)
  A slime creature (D:14)
  A spriggan (shapeshifter) (D:14)
  A redback (Spider:3)
  A jelly (D:8)
  An orc wizard (Orc:2)
  An endoplasm (shapeshifter) (D:14)
7 creatures vanquished.

Grand Total: 863 creatures vanquished

Notes
Turn   | Place    | Note
-------+----------+-------------------------------------------
     0 | D:1      | McKennaii the Demigod Conjurer began the quest for the Orb.
     0 | D:1      | Reached XP level 1. HP: 14/14 MP: 5/5
   278 | D:1      | Reached skill level 2 in Spellcasting
   465 | D:1      | Reached XP level 2. HP: 20/20 MP: 3/7
  1302 | D:2      | Learned a level 2 spell: Searing Ray
  1498 | D:2      | Reached XP level 3. HP: 16/26 MP: 0/9
  2270 | D:3      | Noticed Sigmund
  2277 | D:3      | Killed Sigmund
  2278 | D:3      | Reached skill level 3 in Spellcasting
  2278 | D:3      | Reached skill level 5 in Conjurations
  2278 | D:3      | Reached XP level 4. HP: 22/33 MP: 0/12
  2278 | D:3      | Reached XP level 5. HP: 26/38 MP: 0/13
  2878 | D:3      | Noticed Terence
  2885 | D:3      | Killed Terence
  3370 | D:4      | Found a staircase to the Ecumenical Temple.
  3374 | D:4      | Noticed Natasha
  3379 | D:4      | Killed Natasha
  3431 | D:4      | Noticed an ogre
  3436 | D:4      | Killed an ogre
  3437 | D:4      | Reached skill level 4 in Spellcasting
  3437 | D:4      | Reached XP level 6. HP: 45/45 MP: 8/15
  3514 | D:4      | Noticed Natasha
  3519 | D:4      | Killed Natasha
  3527 | D:4      | Noticed Natasha
  3533 | D:4      | Killed Natasha
  4216 | D:4      | Reached XP level 7. HP: 46/50 MP: 9/17
  4276 | D:4      | Noticed Pikel
  4499 | D:4      | Killed Pikel
  4500 | D:4      | Reached skill level 5 in Spellcasting
  4698 | D:5      | Entered Level 5 of the Dungeon
  4754 | D:5      | Learned a level 4 spell: Iskenderun's Mystic Blast
  4758 | D:5      | Learned a level 3 spell: Stone Arrow
  4806 | D:5      | Reached skill level 6 in Spellcasting
  4867 | D:5      | Reached XP level 8. HP: 34/57 MP: 14/20
  5115 | D:5      | Noticed Ijyb
  5121 | D:5      | Killed Ijyb
  5476 | D:6      | Reached skill level 7 in Spellcasting
  6136 | D:6      | Noticed Blork the orc
  6144 | D:6      | Killed Blork the orc
  6688 | D:7      | Reached XP level 9. HP: 62/62 MP: 6/24
  7570 | D:7      | Reached skill level 8 in Spellcasting
  7866 | D:8      | Noticed an orange demon
  7876 | D:8      | Noticed Amaemon
  7879 | D:8      | Killed an orange demon
  7889 | D:8      | Killed Amaemon
  7890 | D:8      | Reached skill level 10 in Conjurations
  8190 | D:8      | Noticed a cyclops
  8195 | D:8      | Noticed an efreet
  8197 | D:8      | Killed a cyclops
  8198 | D:8      | Reached skill level 9 in Spellcasting
  8206 | D:8      | Killed an efreet
  8216 | D:8      | Reached XP level 10. HP: 55/69 MP: 0/27
  8633 | D:8      | Reached skill level 10 in Spellcasting
  9066 | D:8      | Noticed a white ugly thing
  9071 | D:8      | Killed a white ugly thing
  9397 | D:8      | Found a staircase to the Lair.
  9498 | D:9      | Found a staircase to the Orcish Mines.
  9613 | D:9      | Identified the +3 hat "Yseuval" {Will+}
  9633 | D:9      | Reached skill level 11 in Spellcasting
  9964 | D:9      | Noticed a two-headed ogre
  9971 | D:9      | Killed a two-headed ogre
 10180 | D:9      | Noticed Harold
 10190 | D:9      | Killed Harold
 10701 | D:10     | Entered Level 10 of the Dungeon
 10902 | D:10     | Reached skill level 12 in Spellcasting
 11293 | D:10     | Reached XP level 11. HP: 74/74 MP: 20/31
 11785 | D:10     | Found Testuen's Firing Range.
 12875 | D:12     | Noticed a two-headed ogre
 12884 | D:12     | Killed a two-headed ogre
 12934 | D:12     | Found a gate leading to a gauntlet.
 12945 | Gauntlet | Entered a Gauntlet
 12945 | Gauntlet | Noticed a tengu warrior
 12945 | Gauntlet | Found a transporter.
 12945 | Gauntlet | Found a transporter.
 12957 | Gauntlet | Found a transporter.
 12957 | Gauntlet | Noticed a fire crab
 12975 | Gauntlet | Found a transporter.
 12975 | Gauntlet | Found a transporter.
 12975 | Gauntlet | Noticed a wizard
 12977 | Gauntlet | Found a transporter.
 12977 | Gauntlet | Found a transporter.
 12979 | Gauntlet | Found a transporter.
 12979 | Gauntlet | Noticed an entropy weaver
 12990 | Gauntlet | Found a transporter.
 13005 | Gauntlet | Found a transporter.
 13007 | Gauntlet | Noticed a wretched star
 13014 | Gauntlet | Found a runed translucent gate.
 13015 | Gauntlet | Found a transporter.
 13015 | Gauntlet | Found a runed translucent gate.
 13016 | Gauntlet | Found a runed translucent gate.
 13029 | Gauntlet | Found a transporter.
 13063 | Gauntlet | Found a transporter.
 13075 | Gauntlet | Found a transporter.
 13116 | Gauntlet | Reached skill level 13 in Spellcasting
 13137 | Gauntlet | Identified the +0 pair of boots of the World {rN+ Dex+4}
 13236 | Gauntlet | Killed a wizard
 13398 | Gauntlet | Identified the +2 helmet of Kaclu {rN+}
 13491 | Gauntlet | Identified the +12 long sword of Annihilation {flame, rPois
                  | rN++ MP+9}
 13491 | Gauntlet | Identified the ring "Taur" {rPois rC+ Int-5 Dex+6}
 13491 | Gauntlet | Noticed a minotaur
 13500 | Gauntlet | Killed a minotaur
 13515 | Gauntlet | Identified the +1 bardiche of Jurphol {freeze, rC- Will+
                  | Str+4}
 14335 | D:12     | Noticed a five-headed hydra
 14347 | D:12     | Killed a five-headed hydra
 14348 | D:12     | Reached skill level 14 in Spellcasting
 15204 | D:13     | Noticed a centaur warrior
 15512 | D:13     | Noticed Sonja
 15544 | D:13     | Killed Sonja
 15668 | D:13     | Reached XP level 12. HP: 81/81 MP: 21/35
 15687 | D:13     | Reached skill level 15 in Spellcasting
 15933 | D:13     | Killed a centaur warrior
 17367 | D:14     | Noticed a five-headed hydra
 17371 | D:14     | Killed a five-headed hydra
 17518 | D:14     | Reached skill level 16 in Spellcasting
 17680 | D:14     | Noticed Louise
 17680 | D:14     | Noticed Rupert
 17726 | D:14     | Reached skill level 1 in Armour
 17829 | D:14     | Noticed a death knight
 17848 | D:14     | Noticed a centaur warrior
 18002 | D:14     | Killed a centaur warrior
 18400 | D:14     | Killed Rupert
 18735 | D:14     | Found a gate to the Vaults.
 18831 | D:14     | Found a runed translucent door.
 19029 | D:14     | Found a runed translucent gate.
 19029 | D:14     | Found a runed translucent gate.
 19029 | D:14     | Found a runed translucent gate.
 19204 | Lair:1   | Entered Level 1 of the Lair of Beasts
 19387 | Lair:1   | Found a frozen archway.
 19408 | IceCv    | Entered an ice cave
 19553 | IceCv    | Reached XP level 13. HP: 59/86 MP: 22/38
 19808 | IceCv    | Reached skill level 5 in Dodging
 21481 | Lair:1   | Reached skill level 17 in Spellcasting
 23037 | Lair:2   | Found a staircase to the Shoals.
 24327 | Lair:3   | Reached XP level 14. HP: 83/93 MP: 2/41
 24536 | Lair:3   | Found a hole to the Spider Nest.
 26260 | Lair:4   | Reached skill level 18 in Spellcasting
 26925 | Lair:4   | Identified the +1 chain mail "Xaosm" {SInv}
 27009 | Lair:5   | Entered Level 5 of the Lair of Beasts
 27053 | Lair:5   | Reached skill level 10 in Dodging
 27421 | Lair:5   | Found a runed translucent door.
 28088 | Lair:5   | Found a staircase to the Slime Pits.
 28473 | Lair:5   | Reached skill level 19 in Spellcasting
 30819 | D:14     | Noticed Roxanne
 31115 | D:14     | Killed Louise
 31260 | D:14     | Noticed Ficoysum's ghost (journeyman GnWn)
 31601 | D:14     | Reached XP level 15. HP: 40/99 MP: 24/44
 32529 | D:15     | Entered Level 15 of the Dungeon
 32548 | D:15     | Noticed Azrael
 32563 | D:15     | Killed Azrael
 33064 | D:15     | Identified the ring "Keemen" {rElec rC+ rN+ Int+3 Dex-2}
 33098 | D:15     | Reached skill level 1 in Fighting
 33582 | D:15     | Found Joicvaco's Magic Scroll Shoppe.
 33587 | D:15     | Bought a scroll of blinking for 120 gold pieces
 33587 | D:15     | Bought a scroll of fear for 64 gold pieces
 33587 | D:15     | Bought a scroll of teleportation for 48 gold pieces
 33587 | D:15     | Bought 2 scrolls of identify for 64 gold pieces
 33743 | D:15     | Reached skill level 20 in Spellcasting
 34025 | D:15     | Found a staircase to the Depths.
 34076 | D:15     | Identified the +1 quarterstaff "Ezuets" {flame, rPois rC+}
 35970 | Orc:1    | Entered Level 1 of the Orcish Mines
 36484 | Orc:1    | Noticed Snorg
 36495 | Orc:1    | Killed Snorg
 37058 | Orc:2    | Entered Level 2 of the Orcish Mines
 37380 | Orc:1    | Noticed Maurice
 37389 | Orc:1    | Killed Maurice
 37588 | Orc:1    | Reached skill level 5 in Fighting
 37971 | Orc:2    | Found a staircase to the Elven Halls.
 38738 | Orc:2    | Found Pyerch's Antique Armour Boutique.
 38738 | Orc:2    | Found Humnoani's Magic Scroll Boutique.
 38739 | Orc:2    | Found Lomisy's Weapon Shop.
 38743 | Orc:2    | Found Horroch's Antique Weapon Shop.
 38746 | Orc:2    | Bought a pitted scale mail for 189 gold pieces
 38746 | Orc:2    | Identified the +6 scale mail "Ecwuyr" {Str+6 Stlth-} (You
                  | bought it in a shop on level 2 of the Orcish Mines)
 38766 | Orc:2    | Bought a scroll of teleportation for 45 gold pieces
 38766 | Orc:2    | Bought a scroll of blinking for 112 gold pieces
 39219 | Spider:1 | Entered Level 1 of the Spider Nest
 39233 | Spider:1 | Reached skill level 5 in Armour
 39468 | Spider:1 | HP: 5/115 [spark wasp[a torpor snail] (16)]
 39468 | Spider:1 | HP: 1/115 [spark wasp[a torpor snail] (4)]
 39838 | Spider:1 | Found a runed translucent gate.
 39839 | Spider:1 | Found a runed translucent gate.
 40614 | Spider:1 | Found a runed translucent gate.
 40615 | Spider:1 | Noticed Byczy's ghost (journeyman MiBe)
 40615 | Spider:1 | Noticed Zosacw's ghost (adept HaHu)
 41304 | Spider:1 | Killed Byczy's ghost
 42234 | Spider:2 | Reached XP level 16. HP: 126/126 MP: 42/46
 42344 | Spider:2 | Identified the +2 helmet of Ramor {rC+ Str+2}
 44850 | Spider:2 | Learned a level 7 spell: Ozocubu's Refrigeration
 44859 | Spider:3 | Noticed Arachne
 44912 | Spider:3 | Noticed Kirke
 44915 | Spider:3 | Reached skill level 1 in Ice Magic
 44928 | Spider:2 | Succumbed to a redback's poison

Illustrated notes

Levels and vault maps discovered:
D:1:      elethiomel_arrival_infinity_welcomes_careful_drivers, layout_basic
D:2:      layout_basic, basic_altar
D:3:      wad_lake_hut, layout_basic, grunt_temple_overflow_open,
          basic_ecumenical_altar, serial_bayou_pond_d, minmay_puff,
          uniq_terence, uniq_sigmund
D:4:      layout_loops_ring, minmay_temple_entry_statues_pillars, uniq_natasha,
          uniq_pikel
D:5:      layout_basic, uniq_ijyb
D:6:      layout_loops_ring, uniq_blork_the_orc
D:7:      layout_basic, grunt_dithmenos_smoke_and_mirrors
D:8:      minmay_ornate_pinched, layout_rooms, david_lair_shrubbed, uniq_amaemon
D:9:      layout_roguey, nicolae_gozag_conspicuous_consumption,
          mainiacjoe_overflow_concentric_impassable,
          nemelex_xobeh_ov_fountains_minmay, orc_0_dummy,
          kennysheep_pointless_box, uniq_harold
D:10:     layout_stronghold, lemuel_crystal_altar, nicolae_shop_firing_range
D:11:     layout_loops_ring
D:12:     layout_stronghold, gauntlet_entry_generic
D:13:     layout_basic, uniq_sonja
D:14:     layout_roguey, erik_vaults_1, kennysheep_doodads, ebering_ghost_gozag,
          minmay_crystal_box, uniq_louise, uniq_roxanne, uniq_rupert
D:15:     grunt_enter_depths_hoard, layout_loops_ring, serial_shops,
          nicolae_square_shop, minmay_misc_feat_rows, nicolae_two_hexagons,
          minivault_15, hangedman_decor_peaks_small, uniq_azrael
Lair:1:   layout_cave_pods, portal_ice_cave_entry_pillars_2,
          kennysheep_abandoned_house
Lair:2:   layout_concentric_octagons, minmay_shoals_entry_lonely_mermaid
Lair:3:   layout_roguey, spider_nest_entry_rubble
Lair:4:   layout_layer_cave, pond
Lair:5:   wormcave, layout_cave_pods, guppyfry_lair_end_dragon,
          minmay_slime_entry_pillars, chequers_serial_rivers_micro_b,
          st_stairs_3
Spider:1: layout_spider_delve, gammafunk_ghost_cemetery
Spider:2: nicolae_spider_mines_1
Spider:3: layout_spider_delve, nicolae_spider_altar_of_dancing, uniq_kirke,
          uniq_arachne
Orc:1:    layout_diamond_mine, kennysheep_orc_chapel, uniq_snorg, uniq_maurice
Orc:2:    st_orc_mages, layout_diamond_mine

Skill      XL: |  1  2  3  4  5  6  7  8  9 10 11 12 13 14 15 16 |
---------------+-------------------------------------------------+-----
Spellcasting   | 2 3 4 6 7 9 12 14 16 17 19 20 | 20.3
Conjurations   | 4 5 6 7 8 10 | 10.1
Dodging        | 4 8 10 | 10.0
Armour         | 3 4 6 8 |  8.4
Fighting       | 7 8 |  8.0
Ice Magic      | 1 |  1.2
Stealth        | |  1.7

Action                     |  1- 3 |  4- 6 |  7- 9 | 10-12 | 13-15 | 16-18 || total
---------------------------+-------+-------+-------+-------+-------+-------++-------
  Melee: Unarmed           |    22 |       |       |       |       |       ||    22
         Dagger            |       |     1 |     8 |       |       |       ||     9
         Scimitar          |       |       |     2 |    12 |       |       ||    14
         Long sword        |       |       |       |     7 |   183 |    23 ||   213
         Punch             |       |       |       |       |     4 |     1 ||     5
   Cast: Magic Dart        |    68 |    78 |   122 |   225 |   486 |    41 ||  1020
         Searing Ray       |     2 |     8 |    23 |    38 |    22 |     1 ||    94
         Stone Arrow       |       |       |    53 |   227 |   626 |    82 ||   988
         Iskenderun's Myst |       |       |       |    53 |   412 |    62 ||   527
  Evoke: Wand              |       |       |     7 |    19 |     4 |     1 ||    31
    Use: Scroll            |       |       |       |    20 |    16 |     3 ||    39
         Potion            |       |       |       |       |     6 |       ||     6
   Stab: Petrified         |       |       |       |       |     1 |       ||     1
 Armour: Robe              |    12 |     4 |     8 |       |       |       ||    24
         Leather armour    |       |       |     4 |    43 |   190 |       ||   237
         Scale mail        |       |       |       |       |    94 |   111 ||   205
         Chain mail        |       |       |       |       |    24 |       ||    24
  Dodge: Dodged            |    21 |     9 |    56 |   175 |   750 |   147 ||  1158
